 Dungeon Crawl Stone Soup version 0.26.1-11-gd32895ea62 (webtiles) character file.

Game seed: 6089713179809151190

10004 Zeld the Reanimator (level 11, -11/97 HPs)
             Began as a Deep Dwarf Necromancer on Sept 7, 2021.
             Was a Follower of Makhleb.
             Hit by a large rock thrown by a cyclops (32 damage)
             ... on level 10 of the Dungeon on Sept 8, 2021.
             The game lasted 00:32:07 (29433 turns).

Zeld the Reanimator (Deep Dwarf Necromancer)       Turns: 29433, Time: 00:32:07

Health: -11/97     AC:  5    Str: 12    XL:     11   Next: 30%
Magic:  19/19      EV: 16    Int: 19    God:    Makhleb [*.....]
Gold:   259        SH:  5    Dex: 13    Spells: 12/26 levels left

rFire    . . .     SeeInvis .   a - +9 scimitar
rCold    . . .     Faith    .   B - +0 buckler
rNeg     . . .     Spirit   .   v - +0 robe
rPois    +         Reflect  .   g - +2 helmet
rElec    .         Harm     .   (no cloak)
rCorr    .         Rampage  .   (no gloves)
Will     +....                  (no boots)
Stlth    ++........             (no amulet)
HPRegen  0.00/turn              k - ring of flight
MPRegen  0.16/turn              i - ring of poison resistance

@: non-regenerating
A: damage resistance, heal wounds, sense surroundings 2, no regeneration
a: Heal Wounds, Renounce Religion, Evoke Flight


You were on level 10 of the Dungeon.
You worshipped Makhleb.
Makhleb was aware of your devotion.
You visited 2 branches of the dungeon, and saw 11 of its levels.

You collected 571 gold pieces.
You spent 312 gold pieces at shops.

Inventory:

Hand Weapons
 a - a +9 scimitar (weapon)
Armour
 g - a +2 helmet (worn)
 v - a +0 robe (worn)
 B - a +0 buckler (worn)
Jewellery
 i - a ring of poison resistance (right hand)
 k - a ring of flight (left hand)
Wands
 y - a wand of iceblast (6)
 E - a wand of random effects (16)
Scrolls
 b - 2 scrolls of blinking {unknown}
 d - 6 scrolls of enchant armour
 e - 3 scrolls of fear
 f - 9 scrolls of remove curse
 m - 3 scrolls of magic mapping
 o - a scroll of random uselessness {unknown}
 q - 5 scrolls of teleportation
 t - 3 scrolls of fog {unknown}
Potions
 h - 3 potions of heal wounds {unknown}
 j - a potion of lignification {unknown}
 l - 2 potions of resistance
 p - a potion of magic {unknown}
 r - 4 potions of brilliance {unknown}
 s - 2 potions of haste
 u - 2 potions of curing {unknown}
 w - 2 potions of might {unknown}
 x - 2 potions of ambrosia
 z - a potion of attraction {unknown}
 A - a potion of degeneration {unknown}
 D - a potion of invisibility {unknown}


   Skills:
 + Level 5.8 Fighting
 + Level 7.0 Armour
 + Level 7.7 Dodging
 - Level 2.4 Stealth
 - Level 4.0 Shields
 * Level 8.1 Spellcasting
 * Level 11.0 Necromancy


You had 12 spell levels left.
You knew the following spells:

 Your Spells              Type           Power        Failure   Level
a - Pain                  Necr           100%         1%          1
b - Animate Skeleton      Necr           98%          1%          1
c - Vampiric Draining     Necr           24%          1%          3
d - Animate Dead          Necr           24%          1%          4
e - Agony                 Necr           49%          2%          5

Your spell library contained the following spells:

 Spells                   Type           Power        Failure   Level
 Beastly Appendage        Tmut           14%          9%          1
 Corona                   Hex            7%           9%          1
 Shock                    Conj/Air       28%          9%          1
 Ensorcelled Hibernation  Hex/Ice        14%          14%         2
 Swiftness                Air            7%           14%         2
 Wereblood                Tmut           7%           14%         2
 Confusing Touch          Hex            7%           26%         3
 Dazzling Flash           Conj/Hex       14%          26%         3
 Spider Form              Tmut/Pois      3%           26%         3
 Static Discharge         Conj/Air       7%           26%         3
 Tukima's Dance           Hex            7%           26%         3
 Airstrike                Air            3%           65%         4
 Ice Form                 Ice/Tmut       7%           65%         4
 Blade Hands              Tmut           3%           94%         5
 Lightning Bolt           Conj/Air       3%           94%         5


Dungeon Overview and Level Annotations

Branches:
Dungeon (10/15)            Temple (1/1) D:7            Lair (0/6) D:8
    Orc (0/2) D:10

Altars:
Ashenzari
Cheibriados
Dithmenos
Elyvilon
Fedhas
Gozag
Hepliaklqana
Kikubaaqudgha
Makhleb
Nemelex Xobeh
Okawaru
Qazlal
Ru
Sif Muna
Trog
Uskayaw
Vehumet
Wu Jian
Xom
Yredelemnul
Zin
The Shining One

Shops:
D:4 :   D:8 *   D:10 (

Annotations:
D:10 2 runed translucent doors


Innate Abilities, Weirdness & Mutations

You are resistant to damage.
You can heal yourself by infusing magical energy.
You passively map the area around you.
You do not regenerate.


Message History

Casting: Vampiric Draining (safe; 1% risk of failure)
Confirm with . or Enter, or press ? or * to list all spells.
Aiming: Vampiric Draining (safe; 1% risk of failure)
Press: ? - help, Shift-Dir - straight line, f/p - komodo dragon
Aim: a komodo dragon (almost dead)
You kill the komodo dragon!
Makhleb accepts your kill.
You feel life coursing into your body.
Your Armour skill increases to level 7!
You start resting.
Magic restored.
You start waiting.
A cyclops is nearby!
The cyclops shouts!
The cyclops throws a large rock.
The large rock barely misses you.
You see here a large rock.
The cyclops shouts!
The cyclops throws a large rock.
The large rock misses you.
The cyclops throws a large rock.
The large rock hits you!!!
You die...

...........#.##.........l..#.....
#.#..C.....#..#.############.....
#...####...##.#.# #..... ####
....###...## #..... .#..
.#...#.##...# #.....
.##.####.##..#...## ######
..#..#...#.#.##...#
#.##.#..##.#..#.(.#
#..#....#.##.###@.#
.#.##..##.#.##.#..#
)#..#....##....#..##
)##.#.#########....#
.##..............#(#
.###############.#.# .# #.#C# .#
#.#.# .# #.#.#


You could see a cyclops.

Vanquished Creatures
  2 two-headed ogres (D:9)
  A deep elf mage (D:6)
  2 komodo dragons
  Sigmund (D:5)
  6 yaks
  2 wyverns (D:8)
  A basilisk (D:8)
  2 water moccasins (D:8)
  6 orc warriors
  4 ice beasts
  3 phantoms
  3 sky beasts
  6 black bears
  2 necrophages (D:8)
  9 ogres
  An eye of draining (D:10)
  A wolf (D:7)
  4 centaurs
  4 bullfrogs
  4 scorpions
  12 killer bees
  9 wights
  3 howler monkeys (D:9)
  A centaur zombie (D:6)
  2 quasits
  2 bullfrog zombies
  5 hounds
  A jelly (D:6)
  4 orc priests
  7 orc wizards
  Terence (D:2)
  5 iguanas
  4 worker ants
  A worker ant zombie (D:5)
  10 gnolls
  10 adders
  A shadow imp (D:10)
  3 white imps
  An ufetubus (D:7)
  3 adder skeletons
  2 adder zombies (D:6)
  2 worms
  2 dart slugs (D:1)
  8 leopard geckos
  28 orcs
  4 giant cockroaches
  2 goblins (D:3)
  7 hobgoblins
  11 jackals
  8 kobolds
  3 quokkas
  3 ball pythons
  7 bats
  4 frilled lizards
  5 rats
245 creatures vanquished.

Vanquished Creatures (others)
  3 bushes (D:8)
  2 fungi (D:8)
  30 plants
35 creatures vanquished.

Grand Total: 280 creatures vanquished

Notes
Turn   | Place    | Note
-------+----------+-------------------------------------------
     0 | D:1      | Zeld the Deep Dwarf Necromancer began the quest for the
                  | Orb.
     0 | D:1      | Reached XP level 1. HP: 15/15 MP: 3/3
    61 | D:1      | Learned a level 1 spell: Animate Skeleton
   369 | D:1      | Reached XP level 2. HP: 24/24 MP: 1/4
  1149 | D:2      | Reached XP level 3. HP: 13/30 MP: 0/6
  1153 | D:2      | Learned a level 3 spell: Vampiric Draining
  1976 | D:2      | Reached skill level 1 in Armour
  2258 | D:2      | Reached skill level 1 in Fighting
  2471 | D:2      | Reached skill level 5 in Necromancy
  2471 | D:2      | Reached XP level 4. HP: 33/38 MP: 0/7
  2647 | D:2      | Noticed Terence
  2718 | D:2      | Killed Terence
  4190 | D:3      | Reached XP level 5. HP: 44/44 MP: 1/9
  6344 | D:4      | Learned a level 4 spell: Animate Dead
  6458 | D:4      | Found Ushauk's Book Shop.
  6832 | D:5      | Entered Level 5 of the Dungeon
  7039 | D:5      | Reached XP level 6. HP: 43/52 MP: 0/10
  7245 | D:5      | Noticed Sigmund
  8194 | D:5      | Killed Sigmund
  8195 | D:5      | Reached skill level 6 in Necromancy
  8591 | D:5      | Reached XP level 7. HP: 52/60 MP: 1/12
 11128 | D:6      | Learned a level 5 spell: Agony
 11162 | D:6      | Reached skill level 7 in Necromancy
 11162 | D:6      | Reached XP level 8. HP: 27/68 MP: 6/13
 13055 | D:6      | Reached skill level 5 in Spellcasting
 13484 | D:7      | Reached skill level 5 in Dodging
 14029 | D:7      | Found a staircase to the Ecumenical Temple.
 14108 | D:7      | Reached skill level 8 in Necromancy
 14845 | D:6      | Gained mutation: You passively map the area around you.
                  | [Deep Dwarf growth]
 14845 | D:6      | Reached XP level 9. HP: 53/78 MP: 16/16
 15866 | D:6      | Noticed a deep elf mage
 16577 | D:6      | Killed a deep elf mage
 16578 | D:6      | Reached skill level 1 in Shields
 16746 | Temple   | Entered the Ecumenical Temple
 17045 | D:8      | Found Poava's General Store.
 17051 | D:8      | Reached skill level 5 in Armour
 17056 | D:8      | Bought a scroll of remove curse for 36 gold pieces
 17056 | D:8      | Bought a potion of ambrosia for 96 gold pieces
 17056 | D:8      | Bought a scroll of identify for 24 gold pieces
 17056 | D:8      | Bought a potion of haste for 120 gold pieces
 17056 | D:8      | Bought a scroll of teleportation for 36 gold pieces
 18418 | D:7      | Reached skill level 9 in Necromancy
 20154 | D:8      | Reached XP level 10. HP: 87/87 MP: 2/18
 22894 | D:8      | Found a staircase to the Lair.
 22938 | D:7      | Reached skill level 5 in Fighting
 23394 | D:8      | Reached skill level 10 in Necromancy
 23820 | Temple   | Became a worshipper of Makhleb the Destroyer
 23918 | D:9      | Noticed a two-headed ogre
 24714 | D:9      | Killed a two-headed ogre
 25316 | D:9      | Noticed a two-headed ogre
 25324 | D:9      | Killed a two-headed ogre
 25465 | D:9      | Reached XP level 11. HP: 74/96 MP: 5/20
 25578 | D:9      | Reached * piety under Makhleb
 26583 | D:9      | Found a white marble altar of Elyvilon.
 27366 | D:10     | Entered Level 10 of the Dungeon
 27552 | D:10     | Found Askaor's Antique Weapon Shop.
 27575 | D:10     | Found a staircase to the Orcish Mines.
 27895 | D:8      | Got an ancient robe
 27906 | D:8      | Identified the +2 robe of Context {rElec rF- rC- rCorr}
                  | (You found it on level 8 of the Dungeon)
 28268 | D:10     | Found a large runed translucent door.
 28268 | D:10     | Found a large runed translucent door.
 28400 | D:9      | Reached skill level 11 in Necromancy
 29433 | D:10     | Hit by a large rock thrown by a cyclops

Illustrated notes

Levels and vault maps discovered:
D:1:      dpeg_arrival_stonehenge_12_columns, layout_loops_corners,
          chequers_serial_rivers_small_a, bh_walls_and_bars
D:2:      layout_loops_cross, hex_medium, uniq_terence
D:3:      layout_basic, nrook_campfire, corexii_leaking_fountain
D:4:      layout_basic, serial_shops, nicolae_shop_stone, st_stairs_14
D:5:      layout_basic, uniq_sigmund
D:6:      layout_layer_cave, guppyfry_early_elven_hall
D:7:      layout_gridville, minmay_temple_entry_large_hall, minivault_19
D:8:      layout_loops_ring, minmay_lair_entry_grove, serial_shops,
          nicolae_shop_crystal, amcnicky_mini_rare_corridor_liquid
D:9:      layout_loops_corners, elyvilon_altar_1,
          chequers_serial_rivers_small_a, kennysheep_generic_room_11
D:10:     minmay_the_grid_triangle_9x9_rhombus_thin_mashed
          [minmay_the_grid_triangle_9x9_warning,
          minmay_the_grid_triangle_9x9_prize_center,
          minmay_the_grid_triangle_9x9_longest,
          minmay_the_grid_triangle_9x9_corrupted_corridor], layout_basic,
          minmay_orc_entry_temple_small, serial_shops,
          nicolae_shop_behind_doors, minmay_hollow_rounded_squares
Temple:   kilobyte_greek_temple

Skill      XL: |  1  2  3  4  5  6  7  8  9 10 11 |
---------------+----------------------------------+-----
Spellcasting   | 2 3 4 5 6 7 8 |  8.1
Armour         | 1 2 3 4 5 6 7 |  7.0
Fighting       | 1 2 3 4 5 |  5.8
Necromancy     | 5 6 7 8 9 10 11 | 11.0
Dodging        | 3 4 5 6 7 |  7.7
Shields        | 3 4 |  4.0
Stealth        | |  2.4

Action                   |  1- 3 |  4- 6 |  7- 9 | 10-12 || total
-------------------------+-------+-------+-------+-------++-------
Melee: Unarmed           |    22 |    21 |       |       ||    43
       Dagger            |       |       |   315 |   204 ||   519
       Scimitar          |       |       |       |    24 ||    24
 Cast: Pain              |    33 |    16 |     8 |    22 ||    79
       Vampiric Draining |    10 |    72 |   124 |   172 ||   378
 Abil: Heal Wounds       |       |       |     6 |     7 ||    13
Evoke: Wand              |       |       |     1 |     4 ||     5
  Use: Scroll            |       |       |     7 |     4 ||    11
 Stab: Sleeping          |       |     1 |     2 |       ||     3
Armor: Robe              |    11 |    26 |    79 |    69 ||   185
Dodge: Dodged            |    38 |    66 |   292 |   258 ||   654
Block: Buckler           |       |       |    46 |    81 ||   127
       Rpst.: Scimitar   |       |       |       |    10 ||    10
